 Dungeon Crawl Stone Soup version 0.19.5 (webtiles) character file.

19 miragecloak the Changer (level 2, -7/18 HPs)
             Began as an Octopode Transmuter on May 3, 2017.
             Mangled by Ijyb
             ... wielding a +3 dagger of electrocution
              (18 damage)
             ... on level 2 of the Dungeon.
             The game lasted 00:01:05 (936 turns).

miragecloak the Changer (Octopode Transmuter)        Turns: 936, Time: 00:01:06

Health: -7/18      AC:  1    Str:  9    XL:     2   Next: 75%
Magic:  4/5        EV: 13    Int: 15    God:
Gold:   62         SH:  0    Dex: 12    Spells: 1 memorised, 4 levels left

rFire  . . .     SeeInvis .       - Unarmed
rCold  . . .     Gourm    .     (no shield)
rNeg   . . .     Faith    .     (helmet restricted)
rPois  .         Spirit   .     (no amulet)
rElec  .         Reflect  .     (no ring)
rCorr  .         Harm     .     (no ring)
MR     .....                    (no ring)
Stlth  ++........               (no ring)
                                (no ring)
                                (no ring)
                                (no ring)
                                (no ring)

@: appendage (expiring)
A: almost no armour, stealthy swim, amphibious, 8 rings, constrict 8, tentacle
spike 3, camouflage 1, gelatinous body 1
a: End Transformation


You were on level 2 of the Dungeon.
You were not hungry.
One of your tentacles had a temporary spike.
You visited 1 branch of the dungeon, and saw 2 of its levels.

You collected 62 gold pieces.

Inventory:

Missiles
 a - 33 arrows
Scrolls
 d - a scroll of teleportation {unknown}
 e - a scroll of identify {unknown}
 f - 2 scrolls of noise {unknown}
Potions
 g - a potion of cancellation {unknown}
 i - a potion of heal wounds {unknown}
Books
 b - a book of Changes

   Spells                             Type                      Level
   a - Beastly Appendage              Transmutation                1
   b - Sticks to Snakes               Transmutation                2
   c - Spider Form                    Transmutation/Poison         3
   d - Ice Form                       Ice/Transmutation            4
   e - Blade Hands                    Transmutation                5
Comestibles
 c - a bread ration
 h - a chunk of flesh


   Skills:
 - Level 1.0 Fighting
 - Level 2.0 Dodging
 - Level 3.0 Unarmed Combat
 - Level 2.0 Spellcasting
 + Level 3.2 Transmutations


You had 4 spell levels left.
You knew the following spells:

 Your Spells              Type           Power        Failure   Level  Hunger
a - Beastly Appendage     Tmut           ##....       8%          1    #......


Dungeon Overview and Level Annotations

Branches:
Dungeon (2/15)

Altars:

Annotations:
D:2 Ijyb


Innate Abilities, Weirdness & Mutations

You cannot wear most types of armour.
You are very stealthy in the water. (Stealth+)
You are amphibious.
You can wear up to eight rings at the same time.
You can use your tentacles to constrict eight enemies at once.
Your skin changes colour to match your surroundings (Stealth+).
Your rubbery body absorbs attacks. (AC +1, EV +1)
One of your tentacles bears a large vicious spike.


Message History

There is an escape hatch in the floor here.
You open the door.
Found an escape hatch in the ceiling.
A rat comes into view.
There is an open door here.
A rat is nearby!
Casting: Beastly Appendage
Confirm with . or Enter, or press ? or * to list all spells.
One of your tentacles grows a vicious spike.
Ijyb the Twisted Goblin comes into view.
She is wielding a dagger of electrocution.
The rat closely misses you.
You tentacle-slap the rat.
You kill the rat!
Ijyb shouts!
Your transformation is almost over.
Ijyb drinks a potion.
Ijyb seems to grow stronger.
Ijyb hits you with a dagger of electrocution!
You are electrocuted!
Ouch! That really hurt!
You die...

#.... ##.......# #....#
#..######## #....#
#..#....... .###.. #....#
#..#.###### ....... #....#
#.........# ....... #....#
##...####.#
.......#+#....#####..##.#.#
...........g..##....>...#.#
..........@...##.#####.##.#
.............### #.......
.......†.<...# #.##.#.#
#####...=...# #.##.#..
#.......# #.##.##.
######'#.### #.##.##.
#......#.# #.##.##.
#.######.# #.##.##. #.# ..
#.##.##.


You could see Ijyb.

Vanquished Creatures
  A dart slug (D:1)
  4 bats
  A giant cockroach (D:1)
  2 goblins (D:1)
  2 hobgoblins (D:1)
  2 frilled lizards (D:1)
  2 kobolds (D:1)
  3 rats
17 creatures vanquished.

Notes
Turn   | Place    | Note
-------+----------+-------------------------------------------
     0 | D:1      | miragecloak the Octopode Transmuter began the quest for the Orb.
     0 | D:1      | Reached XP level 1. HP: 13/13 MP: 3/3
   150 | D:1      | Reached XP level 2. HP: 8/18 MP: 3/5
   931 | D:2      | Noticed Ijyb
   936 | D:2      | Mangled by Ijyb

Skill      XL: |  1  2 |
---------------+-------+-----
Transmutations | 3 |  3.2
Fighting       | |  1.0
Dodging        | |  2.0
Unarmed Combat | |  3.0
Spellcasting   | |  2.0

Action                   || total
-------------------------++-------
Melee: Unarmed           ||    45
       Kick              ||     9
       Constrict         ||    10
       Tentacles         ||     4
       Punch             ||     1
 Cast: Beastly Appendage ||    11
 Stab: Sleeping          ||     2
Armor: Skin              ||     7
Dodge: Dodged            ||    34
